Map: Iron Fortress LE (Void)

Players

BadBorz - Winner!

  • Race: Protoss Protoss

Bop

  • Race: Protoss Protoss

VOD

Have the link to the VOD?

Description

Time

  • Played on: May 4, 2015, 2:40 a.m.
  • Length: 6:45
Show
View Real Time Build Order
Export as new Build Order

BadBorz Protoss - Winner!

Build Orders: Blink Stalkers 

Get SALT Encoding   

  12  0:01  Probe  
  13  0:14  Pylon  
  13  0:17  Probe  
  14  0:32  Probe (Chrono Boost)  
  15  0:36  Gateway  
  15  0:42  Probe (Chrono Boost)  
  16  0:46  Assimilator  
  16  0:49  Probe  
  17  0:52  Assimilator  
  17  1:01  Probe  
  17  1:03  Pylon  
  18  1:13  Probe  
  19  1:23  Cybernetics Core  
  19  1:25  Probe  
  20  1:37  Probe  
  21  1:50  Probe  
  21  1:52  Pylon  
  22  2:01  Twilight Council, Warp Gate (Chrono Boost)  
  22  2:05  Probe  
  23  2:17  Mothership Core  
  25  2:25  Gateway  
  25  2:27  Gateway  
  25  2:34  Stalker (Chrono Boost)  
  27  2:38  Probe  
  28  2:50  Pylon, Blink (Chrono Boost)  
  28  2:56  Probe  
  29  3:03  Gateway  
  27  3:20  Probe  
  28  3:47  Stalker x2  
  32  3:48  Stalker  
  34  4:02  Stalker  
  36  4:08  Pylon  
  36  4:20  Stalker x3  
  42  4:26  Pylon  
  42  4:28  Stalker  
  44  4:51  Stalker x2  
  44  4:52  Stalker  
  50  5:10  Stalker  
  51  5:30  Stalker x3  
  57  5:39  Stalker  
  59  5:54  Stalker  
  61  6:03  Pylon  
  61  6:06  Pylon  
  59  6:16  Pylon  
  49  6:41  Stalker x4  
Show
View Real Time Build Order
Export as new Build Order

Bop Protoss 

Build Orders: Mass Adepts 

Get SALT Encoding   

  12  0:01  Probe  
  13  0:14  Pylon  
  13  0:17  Probe  
  14  0:32  Probe (Chrono Boost)  
  15  0:40  Gateway  
  15  0:42  Probe (Chrono Boost)  
  16  0:49  Probe  
  17  0:51  Assimilator  
  17  1:01  Probe (Chrono Boost)  
  18  1:04  Pylon  
  18  1:13  Probe (Chrono Boost)  
  19  1:20  Probe (Chrono Boost)  
  20  1:28  Cybernetics Core  
  20  1:29  Gateway  
  20  1:30  Probe  
  21  1:42  Probe  
  22  1:58  Nexus  
  22  2:06  Warp Gate  
  22  2:07  Adept (Chrono Boost)  
  24  2:22  Pylon  
  26  2:23  Adept (Chrono Boost)  
  26  2:27  Adept (Chrono Boost)  
  28  2:43  Adept, Forge  
  30  2:52  Adept  
  30  2:57  Gateway  
  32  3:01  Probe  
  33  3:15  Adept (Chrono Boost)  
  33  3:17  Probe  
  34  3:26  Adept (Chrono Boost)  
  36  3:39  Probe  
  37  3:43  Gateway  
  37  3:44  Gateway  
  37  3:49  Pylon  
  37  4:12  Stalker x3  
  43  4:29  Probe x2  
  45  4:32  Stalker x2  
  49  4:43  Adept x3  
  47  4:55  Adept x2  
  51  5:06  Probe x2 (Chrono Boost)  
  49  5:09  Assimilator  
  49  5:10  Assimilator  
  49  5:15  Probe x2 (Chrono Boost)  
  51  5:25  Probe x2 (Chrono Boost)  
  53  5:30  Pylon  
  53  5:32  Stalker x2  
  53  5:35  Probe x2 (Chrono Boost)  
  55  5:53  Stalker x3  
  59  5:58  Pylon  
  59  5:59  Pylon  
  59  6:14  Adept  
  55  6:21  Adept x3  
  51  6:31  Adept  
  42  6:36  Adept  
  32  6:43  Adept  
Tags
 
Add a new tag
Caveats
  • Supply blocks, unpowered buildings, or Contaminate may cause inaccurate times.
  • Supply counts are checked every 10 seconds.